 Dungeon Crawl Stone Soup version 0.29.1-2-gbd0b4ee654 (webtiles) character file.

Game seed: 16155736652245914404

2949 qeuew the Nimble (level 9, 0/72 HPs)
             Began as a Merfolk Abyssal Knight on Nov 15, 2022.
             Was an Elder of Lugonu.
             Slain by an orc warrior
             ... wielding a +0 hand axe
              (13 damage)
             ... on level 7 of the Dungeon.
             The game lasted 00:10:54 (9949 turns).

qeuew the Nimble (Merfolk Abyssal Knight)           Turns: 9949, Time: 00:10:55

Health: 0/72       AC:  9    Str: 18    XL:     9   Next: 81%
Magic:  14/14      EV: 17    Int: 11    God:    Lugonu [****..]
Gold:   430        SH:  9    Dex: 25    Spells: 8/8 levels left

rFire   + . .      SeeInvis .   i - +0 trident
rCold   . . .      Faith    .   r - +0 kite shield
rNeg    . . .      Spirit   .   d - +3 leather armour "Kosaaju" {rPois Str+4 Dex+4 Stlth+}
rPois   +          Reflect  .   q - +2 helmet {Int+3}
rElec   +          Harm     .   (no cloak)
rCorr   .          Rampage  .   (no gloves)
Will    .....                   (no boots)
Stlth   +++.......              (no amulet)
HPRegen 0.22/turn               l - ring of protection from fire
MPRegen 0.14/turn               (no ring)

@: no status effects
A: (nimble swimmer 2), mertail, agile 1, electricity resistance
a: Renounce Religion, Depart the Abyss, Bend Space, Banish, Corrupt


You were on level 7 of the Dungeon.
You worshipped Lugonu.
Lugonu was greatly pleased with you.
You visited 1 branch of the dungeon, and saw 8 of its levels.
You visited the Abyss 1 time.

You collected 430 gold pieces.

Inventory:

Hand Weapons
 i - a +0 trident (weapon)
Missiles
 m - 2 throwing nets
Armour
 d - the +3 leather armour "Kosaaju" (worn) {rPois Str+4 Dex+4 Stlth+}
   (You found it on level 5 of the Dungeon)

   Str:       It affects your strength (+4).
   Dex:       It affects your dexterity (+4).
   rPois:     It protects you from poison.
   Stlth:     It makes you more stealthy.
 q - a +2 helmet of intelligence (worn)
 r - a +0 kite shield (worn)
Jewellery
 l - a ring of protection from fire (left hand)
Scrolls
 b - 3 scrolls of teleportation
 e - 2 scrolls of amnesia
 g - a scroll of silence
 k - a scroll of blinking
Potions
 a - 5 potions of curing
 c - 2 potions of heal wounds
 f - a potion of mutation
 j - 2 potions of haste
 o - a potion of brilliance
 p - a potion of ambrosia
 s - a potion of magic


   Skills:
 + Level 7.3 Fighting
 + Level 8.2 Polearms
 + Level 4.4 Armour
 + Level 8.3 Dodging
 + Level 6.7 Invocations


You had 8 spell levels left.
You didn't know any spells.
Your spell library contained the following spells:

 Spells                   Type           Power      Damage    Failure   Level
 Apportation              Tloc           0%         N/A       83%         1
 Sting                    Tmut/Pois      0%         1d3       83%         1
 Poisonous Vapours        Pois/Air       0%         N/A       93%         2
 Anguish                  Hex/Necr       0%         N/A       100%        4
 Olgreb's Toxic Radiance  Pois           0%         N/A       100%        4
 Alistair's Intoxication  Tmut/Pois      0%         N/A       100%        5
 Enfeeble                 Hex            0%         N/A       100%        7


Dungeon Overview and Level Annotations

Branches:
Dungeon (8/15)             Temple (0/1) D:5
   Lair: D:8-11

Altars:
Ru
Xom
Zin

Annotations:
D:6 corrupted
Abyss:1 Maggie


Innate Abilities, Weirdness & Mutations

((You are very nimble when in or above water. (Stealth+, EV+, Speed+++)))
Your lower body shifts to a powerful aquatic tail in water.
You are agile. (Dex +4, Str/Int -1)
You are resistant to electric shocks. (rElec)


Message History

You are too injured to fight recklessly!
You are too injured to fight recklessly!
You are too injured to fight recklessly!
You are too injured to fight recklessly!
You are too injured to fight recklessly!
You are too injured to fight recklessly!
You are too injured to fight recklessly!
You are too injured to fight recklessly!
You are too injured to fight recklessly!
You are too injured to fight recklessly!
You are too injured to fight recklessly!
You are too injured to fight recklessly!
You are too injured to fight recklessly!
Unknown command.
The gnoll closely misses you. The gnoll barely misses you.
The orc warrior hits you with a +0 hand axe!
Something barely misses you.
You climb upwards.
Reactivating autopickup.
There is a stone staircase leading down, spattered with blood here.
Things that are here:
a +0 hand axe; 4 stones; a +0 dagger Deactivating autopickup; reactivate with Ctrl-A.
You hit something. The gnoll hits you with a +0 flail.
You block something's attack. The orc warrior completely misses you.
You hit something but do no damage. The gnoll completely misses you.
Something hits you but does no damage.
The orc warrior hits you with a +0 hand axe.
* * * LOW HITPOINT WARNING * * *
Unknown command.
You puncture the orc warrior!
The orc warrior is heavily wounded.
The gnoll hits you with a +0 flail.
* * * LOW HITPOINT WARNING * * *
You hear some strange, mumbled words.
A magic dart appears from out of thin air!
The magic dart hits you.
* * * LOW HITPOINT WARNING * * *
The orc warrior hits you with a +0 hand axe!
You die...

####### ###### # #.?...#
#....# #####
#.###.#########.##.#####....
#####.#
#.#..#{@o....#.....#....
#...#.#
#.#..##g######..<..#....
###.#.#
#.#..##............#.### #.#.#
#.#..#########.....#.# #
#.#.###....#.............#.###
#.....#.#.##.####.............
###.#.#......# #.............
#.#.######## #.............
#.#......# #........#####


You could see an orc warrior and a gnoll.

Vanquished Creatures
  A shadow (D:6)
  A wraith (D:6)
  Menkaure (D:7)
  An orc warrior (D:7)
  A black bear (D:6)
  An ogre (D:6)
  A centaur (D:7)
  A kobold brigand (D:7)
  A bullfrog (D:6)
  2 necrophages (D:7)
  A scorpion (D:6)
  5 wights (D:6)
  3 killer bees (D:7)
  3 hounds
  An orc priest (D:7)
  A jelly (D:7)
  2 gnoll boudas (D:7)
  Natasha (D:3)
  An iguana (D:4)
  An orc wizard (D:7)
  13 gnolls
  6 adders
  A white imp (D:7)
  2 ufetubi (D:6)
  4 dart slugs
  22 orcs
  3 ball pythons
  6 bats
  5 endoplasms
  10 giant cockroaches
  8 goblins
  7 hobgoblins
  5 jackals
  11 kobolds
  4 quokkas
  7 frilled lizards
  4 rats
148 creatures vanquished.

Vanquished Creatures (others)
  A bullfrog (D:6)
  A scorpion (D:6)
  A hound (D:6)
  An iguana (D:6)
  2 gnolls (D:6)
  An adder (D:6)
7 creatures vanquished.

Grand Total: 155 creatures vanquished

Notes
Turn   | Place    | Note
-------+----------+-------------------------------------------
     0 | Abyss:1  | qeuew the Merfolk Abyssal Knight began the quest for the
                  | Orb.
     0 | Abyss:1  | Reached XP level 1. HP: 18/18 MP: 2/2
     1 | D:1      | Escaped the Abyss
   151 | D:1      | Reached XP level 2. HP: 22/24 MP: 3/3
   298 | D:1      | Reached skill level 1 in Armour
   442 | D:1      | Reached XP level 3. HP: 26/29 MP: 4/4
   893 | D:1      | Reached *** piety under Lugonu
  1177 | D:1      | Gained mutation: You are agile. (Dex +4, Str/Int -1)
                  | [potion of mutation]
  1177 | D:1      | Gained mutation: You are resistant to electric shocks.
                  | (rElec) [potion of mutation]
  1558 | D:2      | Reached XP level 4. HP: 34/37 MP: 5/5
  2286 | D:3      | Found a sacrificial altar of Ru.
  2443 | D:3      | Noticed Natasha
  2454 | D:3      | Killed Natasha
  2455 | D:3      | Reached XP level 5. HP: 22/42 MP: 7/7
  3039 | D:4      | Reached **** piety under Lugonu
  3455 | D:4      | Reached XP level 6. HP: 8/48 MP: 8/8
  3836 | D:5      | Entered Level 5 of the Dungeon
  3845 | D:5      | Identified the +3 leather armour "Kosaaju" {rPois Str+4
                  | Dex+4 Stlth+}
  3916 | D:5      | Found a staircase to the Ecumenical Temple.
  4730 | D:5      | Reached XP level 7. HP: 10/55 MP: 0/9
  5078 | D:6      | Reached skill level 5 in Dodging
  5090 | D:6      | Corrupted D:6
  5090 | D:6      | Noticed a spriggan defender zombie
  5090 | D:6      | Noticed a small abomination
  5090 | D:6      | Noticed a tentacled starspawn
  5090 | D:6      | Noticed a raiju
  5090 | D:6      | Noticed a small abomination
  5091 | D:6      | Noticed a smoke demon
  5092 | D:6      | Reached skill level 5 in Polearms
  5109 | D:6      | Noticed a cyan very ugly thing
  5739 | D:6      | Reached skill level 5 in Fighting
  6081 | D:6      | Noticed Maggie
  6103 | D:6      | Banished Maggie
  6104 | D:6      | Reached XP level 8. HP: 14/63 MP: 6/11
  6464 | D:6      | Reached skill level 5 in Invocations
  6579 | D:6      | Noticed a shadow
  6604 | D:6      | Killed a shadow
  6866 | D:6      | Noticed a manticore
  6876 | D:6      | Banished a manticore
  6877 | D:6      | Reached XP level 9. HP: 5/71 MP: 8/13
  7593 | D:6      | HP: 2/71 [something (11)]
  8496 | D:7      | Found a glowing silver altar of Zin.
  8498 | D:7      | Noticed an angel
  8501 | D:7      | Found a shimmering altar of Xom.
  8971 | D:7      | Noticed Menkaure
  8980 | D:7      | Killed Menkaure
  9949 | D:7      | Slain by an orc warrior

Illustrated notes

Levels and vault maps discovered:
D:1:      wheals_arrival_linesprint, layout_basic
D:2:      layout_basic
D:3:      layout_basic, nicolae_ru_sacrificial_ziggurat,
          chequers_serial_rivers_small_3, uniq_natasha
D:4:      layout_loops_ring
D:5:      layout_cave_pods, minmay_temple_entry_hall
D:6:      layout_basic, kb_rosetta, uniq_maggie
D:7:      layout_basic, grunt_temple_overflow_order_and_chaos_1, uniq_menkaure
D:8:      layout_rooms, minmay_overflow_temple_hex, serial_shops, shop,
          minmay_small_thing, uniq_psyche, uniq_joseph

Skill      XL: |  1  2  3  4  5  6  7  8  9 |
---------------+----------------------------+-----
Dodging        | 3 4 6 7 8 |  8.3
Polearms       | 3 4 6 7 8 |  8.2
Armour         | 1 2 3 4 |  4.4
Fighting       | 4 5 6 7 |  7.3
Invocations    | 3 4 5 6 |  6.7

Action                   |  1- 3 |  4- 6 |  7- 9 || total
-------------------------+-------+-------+-------++-------
Melee: Spear             |   136 |    73 |       ||   209
       Punch             |     1 |     3 |       ||     4
       Trident           |       |   139 |   379 ||   518
Invok: Banish            |       |     2 |     3 ||     5
       Corrupt           |       |       |     1 ||     1
  Use: Scroll            |     4 |     6 |     7 ||    17
       Potion            |     2 |     1 |     3 ||     6
 Stab: Sleeping          |       |     5 |     6 ||    11
       Distracted        |       |       |     1 ||     1
Armor: Leather armour    |    28 |    22 |   101 ||   151
       Ring mail         |       |    41 |       ||    41
Dodge: Dodged            |    72 |   105 |   278 ||   455
Block: Kite shield       |       |       |   209 ||   209
